Map: Dusk Towers

Players

ILLBdA

  • Race: Protoss Protoss
  • League: Diamond

TpzOoO - Winner!

  • Race: Zerg Zerg
  • League: Diamond

VOD

Have the link to the VOD?

Description

Time

  • Played on: Dec. 16, 2015, 12:55 a.m.
  • Length: 9:10
Show
View Real Time Build Order
Export as new Build Order

ILLBdA Protoss 

Build Orders: Nexus First, Dark Templar Rush 

Get SALT Encoding   

  12  0:01  Probe (Chrono Boost)  
  13  0:11  Probe (Chrono Boost)  
  14  0:19  Pylon  
  14  0:22  Probe (Chrono Boost)  
  15  0:37  Probe (Chrono Boost)  
  16  0:47  Probe (Chrono Boost)  
  17  0:56  Nexus  
  17  1:06  Gateway  
  17  1:10  Probe (Chrono Boost)  
  18  1:20  Probe (Chrono Boost)  
  18  1:22  Assimilator  
  19  1:31  Probe (Chrono Boost)  
  19  1:32  Assimilator  
  20  1:37  Pylon  
  20  1:42  Probe (Chrono Boost)  
  21  1:52  Probe (Chrono Boost)  
  21  1:53  Cybernetics Core  
  22  1:56  Zealot  
  24  2:03  Probe (Chrono Boost)  
  24  2:08  Probe (Chrono Boost)  
  26  2:13  Probe (Chrono Boost)  
  27  2:19  Probe (Chrono Boost)  
  28  2:29  Probe (Chrono Boost)  
  30  2:31  Mothership Core (Chrono Boost), Warp Gate  
  30  2:32  Adept  
  33  2:40  Probe (Chrono Boost), Pylon  
  34  2:49  Probe (Chrono Boost)  
  36  2:51  Probe (Chrono Boost)  
  36  2:59  Twilight Council  
  36  3:00  Probe (Chrono Boost)  
  37  3:06  Gateway  
  37  3:09  Gateway  
  37  3:18  Sentry  
  37  3:22  Assimilator  
  37  3:25  Assimilator  
  37  3:26  Probe (Chrono Boost)  
  38  3:29  Probe (Chrono Boost)  
  39  3:38  Probe (Chrono Boost)  
  40  3:41  Forge  
  40  3:45  Dark Shrine  
  40  3:48  Sentry  
  42  3:50  Pylon  
  42  3:56  Stalker  
  42  4:01  Probe (Chrono Boost)  
  45  4:04  Stalker  
  45  4:07  Pylon  
  45  4:09  Probe (Chrono Boost)  
  48  4:19  Protoss Ground Weapons Level 1 (Chrono Boost), Photon Cannon  
  47  4:44  Zealot x2  
  51  4:46  Probe (Chrono Boost)  
  51  4:47  Probe (Chrono Boost)  
  53  4:57  Probe (Chrono Boost)  
  53  4:58  Probe (Chrono Boost)  
  55  5:01  Charge (Chrono Boost)  
  55  5:05  Dark Templar  
  55  5:06  Probe  
  57  5:09  Probe  
  59  5:33  Probe  
  59  5:35  Nexus  
  60  5:36  Sentry, Pylon  
  60  5:37  Sentry  
  60  5:40  Probe  
  65  6:03  Sentry x2, Gateway  
  65  6:04  Sentry, Probe, Gateway  
  71  6:07  Pylon  
  71  6:08  Probe  
  71  6:14  Protoss Ground Weapons Level 2 (Chrono Boost)  
  71  6:18  Probe  
  72  6:22  Photon Cannon  
  72  6:25  Robotics Facility  
  72  6:27  Sentry  
  72  6:28  Pylon, Blink  
  72  6:29  Probe  
  72  6:30  Probe  
  76  6:41  Probe, Zealot x2  
  76  6:46  Probe  
  82  6:47  Probe  
  82  6:53  Zealot  
  85  6:58  Zealot  
  85  7:00  Zealot  
  85  7:01  Zealot  
  91  7:07  Dark Templar  
  93  7:12  Observer (Chrono Boost)  
  93  7:13  Zealot  
  96  7:19  Stalker  
  96  7:21  Probe  
  99  7:25  Gateway  
  99  7:27  Gateway  
  99  7:29  Gateway  
  99  7:31  Pylon  
  99  7:32  Probe, Immortal (Chrono Boost)  
  104  7:50  Stalker x2  
  108  7:52  Stalker  
  108  7:53  Stalker x2  
  108  7:55  Probe  
  111  8:04  Immortal  
  89  8:08  Probe  
  89  8:09  Probe x2  
  81  8:19  Zealot x4  
  89  8:20  Probe, Zealot  
  89  8:21  Probe  
  93  8:27  Zealot x2  
  97  8:41  Observer  
  97  8:44  Pylon  
  97  8:45  Pylon  
  97  8:47  Zealot  
  97  8:48  Zealot x2  
  104  8:57  Pylon  
  104  9:01  Pylon x2  
  101  9:02  Zealot  
  101  9:03  Zealot x3  
Show
View Real Time Build Order
Export as new Build Order

TpzOoO Zerg - Winner!

Build Orders: Hatch First 

Get SALT Encoding   

  12  0:01  Drone  
  13  0:08  Drone  
  14  0:17  Overlord  
  14  0:35  Drone x3  
  17  0:46  Drone  
  18  0:57  Hatchery  
  17  0:58  Drone  
  17  1:01  Extractor  
  17  1:08  Drone  
  18  1:18  Spawning Pool  
  17  1:20  Drone  
  18  1:30  Drone  
  20  1:40  Drone  
  20  1:53  Overlord  
  20  2:04  Queen  
  20  2:05  Metabolic Boost  
  22  2:08  Queen  
  22  2:09  Zergling x4  
  26  2:18  Evolution Chamber, Zergling x2  
  26  2:20  Zergling x2  
  27  2:25  Drone  
  28  2:35  Drone  
  29  2:38  Drone  
  29  2:40  Pneumatized Carapace  
  30  2:44  Drone  
  30  2:45  Drone  
  32  3:02  Hatchery  
  31  3:08  Zergling x2  
  31  3:09  Zergling x2  
  31  3:10  Drone  
  34  3:19  Drone x2  
  36  3:31  Lair  
  36  3:32  Overlord  
  36  3:33  Extractor  
  35  3:39  Zergling x2  
  35  3:44  Overlord  
  35  3:56  Drone  
  35  3:57  Drone x4  
  35  4:00  Drone  
  35  4:01  Drone  
  42  4:08  Drone  
  42  4:09  Drone  
  44  4:17  Drone x3  
  45  4:23  Zergling x8  
  51  4:38  Drone  
  51  4:40  Drone  
  51  4:41  Drone x5  
  51  4:44  Drone  
  57  4:48  Drone  
  57  4:52  Overlord  
  57  4:57  Extractor  
  57  4:59  Extractor  
  53  5:00  Roach Warren  
  53  5:02  Hydralisk Den, Queen  
  53  5:04  Drone x2  
  55  5:11  Drone x2  
  55  5:12  Drone x2  
  59  5:16  Drone  
  59  5:18  Zerg Ground Armor Level 1  
  59  5:19  Drone  
  61  5:29  Zergling x2  
  61  5:30  Drone x2, Overlord, Zergling x2  
  65  5:37  Overseer  
  65  5:40  Glial Reconstitution, Muscular Augments  
  65  5:42  Overlord  
  65  5:43  Drone  
  63  5:50  Overseer  
  63  5:52  Overseer  
  60  6:02  Zergling x10  
  64  6:07  Zergling x2  
  62  6:11  Hydralisk  
  62  6:12  Hydralisk x2  
  62  6:13  Overlord  
  62  6:14  Hydralisk  
  62  6:18  Spore Crawler  
  69  6:19  Drone, Spine Crawler  
  69  6:21  Spore Crawler  
  69  6:24  Spine Crawler  
  69  6:25  Drone x2  
  68  6:32  Drone x4  
  73  6:34  Hydralisk  
  73  6:38  Hydralisk  
  77  6:40  Hydralisk  
  77  6:43  Roach  
  81  6:48  Drone  
  81  6:50  Drone  
  81  6:51  Drone x3, Extractor  
  81  6:53  Roach, Extractor  
  86  6:59  Overlord  
  86  7:01  Lurker Den  
  86  7:02  Roach  
  86  7:08  Overlord  
  88  7:15  Overlord  
  88  7:20  Hydralisk x3  
  94  7:23  Hydralisk  
  94  7:27  Hydralisk x2  
  94  7:29  Roach  
  102  7:30  Drone x3  
  102  7:33  Overlord  
  105  7:39  Roach x2  
  105  7:40  Roach  
  105  7:41  Ravager  
  105  7:42  Ravager  
  113  7:50  Overlord x2  
  100  8:07  Roach  
  100  8:08  Roach x8  
  100  8:10  Zergling x6  
  117  8:20  Roach x3  
  127  8:27  Roach x2, Zergling x8  
  127  8:31  Hatchery  
  127  8:33  Lurker x2  
  132  8:36  Zergling x2  
  133  8:51  Roach  
  133  8:52  Overlord  
Tags
 
Add a new tag
Caveats
  • Supply blocks, unpowered buildings, or Contaminate may cause inaccurate times.
  • Supply counts are checked every 10 seconds.